 Dungeon Crawl Stone Soup version 0.29.1-15-g9cfb28693d (webtiles) character file.

Game seed: 988668660699173868

321 KittyFluff the Cudgeller (level 6, -4/39 HPs)
             Began as a Gargoyle Berserker on Apr 9, 2023.
             Was a Priest of Trog.
             Slain by an ogre
             ... wielding a +0 giant club
              (8 damage)
             ... on level 4 of the Dungeon.
             The game lasted 00:12:27 (3402 turns).

KittyFluff the Cudgeller (Gargoyle Berserker)       Turns: 3402, Time: 00:12:28

Health: -4/39      AC: 19    Str: 21    XL:     6   Next: 46%
Magic:  6/6        EV: 16    Int:  7    God:    Trog [***...]
Gold:   156        SH:  0    Dex: 11    Spells: 5/5 levels left

rFire   . . .      SeeInvis .   y - +0 mace (protect)
rCold   . . .      Faith    .   (no shield)
rNeg    + . .      Spirit   .   l - +0 leather armour
rPois   ∞          Reflect  .   u - +0 helmet
rElec   +          Harm     .   (no cloak)
rCorr   .          Rampage  .   (no gloves)
Will    .....                   h - +2 pair of boots
Stlth   +.........              (no amulet)
HPRegen 0.13/turn               m - +4 ring of evasion
MPRegen 0.10/turn               (no ring)

@: under a protective aura
A: sickness immunity, AC +4, negative energy resistance 1, electricity
resistance, torment resistance 1, petrification resistance
a: Renounce Religion, Berserk, Trog's Hand


You were on level 4 of the Dungeon.
You worshipped Trog.
Trog was most pleased with you.
You visited 1 branch of the dungeon, and saw 4 of its levels.

You collected 156 gold pieces.

Inventory:

Hand Weapons
 y - a +0 mace of protection (weapon)
Missiles
 d - 2 datura-tipped darts (quivered)
 k - 5 boomerangs
 n - 46 stones
 s - 2 poisoned darts
 v - 4 atropa-tipped darts
Armour
 h - a +2 pair of boots (worn)
 l - a +0 leather armour (worn)
 u - a +0 helmet (worn)
Jewellery
 m - a +4 ring of evasion (left hand)
 z - a ring of magical power
Scrolls
 b - a scroll of poison {unknown}
 e - a scroll of fear
 g - 2 scrolls of blinking
 j - 2 scrolls of immolation {unknown}
 o - 2 scrolls of vulnerability {unknown}
 p - a scroll of torment
 q - a scroll of noise {unknown}
 r - a scroll of enchant weapon {unknown}
 w - a scroll of enchant armour
 x - 2 scrolls of teleportation {unknown}
Potions
 a - a potion of resistance {unknown}
 c - 2 potions of curing
 f - 2 potions of heal wounds
 i - a potion of haste {unknown}
 t - a potion of berserk rage {unknown}


   Skills:
 + Level 4.3 Fighting
 + Level 5.2 Maces & Flails
 * Level 3.9 Armour
 + Level 2.3 Dodging
 + Level 1.0 Stealth


You had 5 spell levels left.
You didn't know any spells.
Your spell library was empty.

Dungeon Overview and Level Annotations

Branches:
Dungeon (4/15)
 Temple: D:4-7

Altars:
Kikubaaqudgha

Shops:
D:4 ?

Annotations:
D:3 3 runed translucent doors, CYML's ghost, amateur DgCj; domi's ghost, weakling MeEE; dudediamond6's ghost, novice HOFi; mkat's ghost, amateur DsGl; zeram's ghost, weakling MiFi


Innate Abilities, Weirdness & Mutations

You are immune to sickness and miasma.
Your stone body is resilient. (AC +4)
You are immune to poison.
You resist negative energy. (rN+)
You are resistant to electric shocks. (rElec)
You are resistant to unholy torment.
You are immune to petrification.


Message History

Found a stone staircase leading down.
There is a stone staircase leading down here.
Found a stone staircase leading down.
Found 7 stones.
A quokka comes into view.
You see here 7 stones.
The quokka bites you but does no damage.
You closely miss the quokka. The quokka barely misses you.
You sock the quokka!
Your weapon exudes an aura of protection.
You kill the quokka!
Trog accepts your kill.
n - 46 stones (gained 7)
You open the door.
There is an open door here.
An ogre comes into view. It is wielding a +0 giant club.
Found a scroll of fear.
The ogre shouts!
The ogre hits you with a +0 giant club!
You hit the ogre but do no damage.
Your weapon exudes an aura of protection.
You hit the ogre.
The ogre is lightly wounded.
The ogre misses you.
You sock the ogre!
The ogre is heavily wounded.
The ogre closely misses you.
You sock the ogre!
The ogre is almost dead.
The ogre hits you with a +0 giant club!!
* * * LOW HITPOINT WARNING * * *
You hit the ogre. You punch the ogre, but do no damage.
The ogre is almost dead.
You hit the ogre but do no damage.
The ogre is almost dead.
The ogre misses you.
You barely miss the ogre.
The ogre is almost dead.
The ogre hits you with a +0 giant club!
You die...

############ #..........#
########.########'#######
#.........#~~~~~~.~~~~~~#
#.#########~...........~#
#.# #~...........~# #.#
#~.@#######..~# #.# ###
#~.O# ..~# ####.##.....
#~..# .~# ..........#
+...# .+ ##.#.##.#.#
#~?.# #....# # #~..#
.....# #~..# .......
#~... ........


You could see an ogre.

Vanquished Creatures
  An ogre (D:4)
  A scorpion (D:4)
  Jessica (D:3)
  4 adders
  A white imp (D:4)
  A worm (D:3)
  3 dart slugs
  9 orcs
  7 bats
  6 endoplasms
  4 giant cockroaches
  9 goblins
  5 hobgoblins
  3 jackals (D:2)
  7 kobolds
  5 quokkas
  9 ball pythons
  7 frilled lizards
  4 rats
87 creatures vanquished.

Vanquished Creatures (others)
  A human (D:3)
1 creature vanquished.

Grand Total: 88 creatures vanquished

Notes
Turn   | Place    | Note
-------+----------+-------------------------------------------
     0 | D:1      | KittyFluff the Gargoyle Berserker began the quest for the
                  | Orb.
     0 | D:1      | Reached XP level 1. HP: 14/14 MP: 1/1
     2 | D:1      | Noticed an ogre
     2 | D:1      | Noticed a felid
     4 | D:1      | Noticed an octopode
     6 | D:1      | Noticed a naga
     6 | D:1      | Noticed a demigod
     8 | D:1      | Noticed a demonspawn
     8 | D:1      | Noticed a merfolk
    10 | D:1      | Noticed a formicid
    10 | D:1      | Noticed a palentonga
    12 | D:1      | Noticed a human
    14 | D:1      | Noticed a vampire
    14 | D:1      | Noticed a vine stalker
    16 | D:1      | Noticed a spriggan
    16 | D:1      | Noticed a tengu
    18 | D:1      | Noticed a minotaur
    18 | D:1      | Noticed a ghoul
    20 | D:1      | Noticed a draconian
    20 | D:1      | Noticed a troll
    22 | D:1      | Noticed an elf
    22 | D:1      | Noticed a meteoran
    24 | D:1      | Noticed a meteoran
    26 | D:1      | Noticed a demigod
   404 | D:1      | Reached XP level 2. HP: 15/19 MP: 2/2
   592 | D:1      | You fall into a shaft and drop 1 floor!
   679 | D:2      | Reached XP level 3. HP: 23/24 MP: 3/3
  1059 | D:1      | Reached ** piety under Trog
  1445 | D:2      | Reached XP level 4. HP: 29/29 MP: 4/4
  1606 | D:2      | Reached skill level 4 in Maces & Flails
  2260 | D:3      | Noticed Jessica
  2268 | D:3      | Killed Jessica
  2365 | D:3      | Found an ancient bone altar of Kikubaaqudgha.
  2366 | D:3      | Noticed a human
  2369 | D:3      | Killed a human
  2397 | D:3      | Found a runed translucent gate.
  2397 | D:3      | Found a runed translucent gate.
  2397 | D:3      | Found a runed translucent gate.
  2403 | D:3      | Noticed CYML's ghost (amateur DgCj)
  2403 | D:3      | Noticed mkat's ghost (amateur DsGl)
  2403 | D:3      | Noticed dudediamond6's ghost (novice HOFi)
  2403 | D:3      | Noticed domi's ghost (weakling MeEE)
  2404 | D:3      | Noticed zeram's ghost (weakling MiFi)
  2444 | D:3      | Reached *** piety under Trog
  2471 | D:3      | Reached XP level 5. HP: 33/33 MP: 5/5
  2675 | D:4      | Found Ziri Ubi's Magic Scroll Shoppe.
  2811 | D:4      | Noticed an ogre
  2822 | D:4      | Killed an ogre
  2823 | D:4      | Reached XP level 6. HP: 15/38 MP: 6/6
  3023 | D:4      | Reached skill level 5 in Maces & Flails
  3089 | D:4      | Reached skill level 1 in Stealth
  3402 | D:4      | Slain by an ogre

Illustrated notes

Levels and vault maps discovered:
D:1:      kb_arrival_jail, layout_basic, serial_forest,
          infiniplex_forest_zigzag_1, infiniplex_forest_lined_3_way,
          infiniplex_forest_lined_1, infiniplex_forest_clump_small,
          infiniplex_forest_clump_tiny, infiniplex_forest_corner_2,
          infiniplex_forest_lined_room_2, infiniplex_forest_clump_C,
          infiniplex_forest_lined_3, infiniplex_forest_end_1
D:2:      layout_basic, kennysheep_cross_bottleneck
D:3:      layout_rooms, tgw_kikubaaqudgha, gammafunk_ghost_cemetery,
          uniq_jessica
D:4:      layout_loops_ring, serial_shops, nicolae_stop_n_shop_1,
          hangedman_feature_mirror, kennysheep_path_1, minivault_26

Skill      XL: |  1  2  3  4  5  6 |
---------------+-------------------+-----
Maces & Flails | 4 5 |  5.2
Fighting       | 4 |  4.3
Armour         | 3 |  3.9
Dodging        | 2 |  2.3
Stealth        | 1 |  1.0

Action                   |  1- 3 |  4- 6 || total
-------------------------+-------+-------++-------
Melee: Mace              |   109 |   217 ||   326
       Punch             |       |     3 ||     3
Throw: Dart              |       |     1 ||     1
Invok: Berserk           |       |     1 ||     1
  Use: Scroll            |     3 |     3 ||     6
Armor: Animal skin       |    29 |       ||    29
       Leather armour    |     6 |    79 ||    85
Dodge: Dodged            |    74 |   176 ||   250
